 Dungeon Crawl Stone Soup version 0.20.1-1-g8b1a95d66d (webtiles) character file.

2734 MondaySad the Cleaver (level 9, 0/106 HPs)
             Began as a Minotaur Berserker on Dec 5, 2017.
             Was an Elder of Trog.
             Killed from afar by an electric eel (2 damage)
             ... with a bolt of electricity
             ... on level 7 of the Dungeon.
             The game lasted 00:09:24 (6808 turns).

MondaySad the Cleaver (Minotaur Berserker)          Turns: 6808, Time: 00:09:25

Health: 0/106      AC: 24    Str: 23    XL:     9   Next: 40%
Magic:  8/8        EV:  2    Int:  8    God:    Trog [****..]
Gold:   271        SH: 17    Dex:  9    Spells: 8/8 levels left

rFire    . . .     SeeInvis .   B - +0 hand axe of Valiance {flame, Int+4 Dex-3} (curse)
rCold    . . .     Gourm    .   k - +0 large shield
rNeg     + + +     Faith    .   (armour currently unavailable)
rPois    +         Spirit   .   (helmet currently unavailable)
rElec    .         Reflect  .   (cloak currently unavailable)
rCorr    .         Harm     .   (gloves currently unavailable)
MR       ++...     NoTele   +   (boots currently unavailable)
Stlth    ..........             (no amulet)
Regen    1.3/turn               e - ring of wizardry
MPRegen  0.2/turn               i - ring of loudness (curse)

@: lethally poisoned (0 -> -3), tree-form, regenerating
A: (retaliatory headbutt)
a: Berserk, Trog's Hand, Brothers in Arms, Burn Spellbooks, Renounce Religion


You were on level 7 of the Dungeon.
You worshipped Trog.
Trog was greatly pleased with you.
You were not hungry.
You were a tree.
You visited 1 branch of the dungeon, and saw 7 of its levels.

You collected 271 gold pieces.

Inventory:

Hand Weapons
 a - a +0 hand axe
 B - the cursed +0 hand axe of Valiance (weapon) {flame, Int+4 Dex-3}
   (You found it on level 7 of the Dungeon)

   It has been specially enchanted to burn those struck by it, causing extra
   injury to most foes and up to half again as much damage against particularly
   susceptible opponents.
   Big, fiery blades are also staple armaments of hydra-hunters.
   It affects your intelligence (+4).
   It affects your dexterity (-3).
   It has a curse placed upon it.
Armour
 b - a +0 animal skin
 f - a scarf of repulsion (melded)
 k - a +0 large shield (worn)
 u - a +0 scale mail
 v - the +5 scale mail of Tender Moments (melded) {rC+ Int+2}
   (You found it on level 5 of the Dungeon)

   It affects your intelligence (+2).
   It protects you from cold.
Jewellery
 e - a ring of wizardry (left branch)
 i - a cursed ring of loudness (right branch)
Wands
 y - a wand of confusion (12/48)
Scrolls
 d - a scroll of fear {unknown}
 j - 9 scrolls of identify {unknown}
 m - 3 scrolls of enchant weapon {unknown}
 n - a scroll of blinking {unknown}
 o - 6 scrolls of teleportation {unknown}
 p - 2 scrolls of remove curse {unknown}
 s - a scroll of noise {unknown}
 t - a scroll of immolation {unknown}
 C - a scroll of amnesia {unknown}
Potions
 h - a potion of ambrosia {unknown}
 q - a potion of haste
 x - a potion of brilliance {unknown}
 A - a potion of curing {unknown}
Books
 w - a book of Frost

   Spells                             Type                      Level
   a - Freeze                         Ice                          1
   b - Throw Frost                    Conjuration/Ice              2
   c - Ozocubu's Armour               Charms/Ice                   3
   d - Throw Icicle                   Conjuration/Ice              4
   e - Summon Ice Beast               Ice/Summoning                4
   Trog disapproves of the use of such an item.
Comestibles
 c - 4 bread rations
 g - 5 royal jellies
 l - 3 meat rations
 z - a chunk of flesh


   Skills:
 - Level 4.2 Fighting
 + Level 11.2 Axes
 - Level 2.8 Armour
 - Level 2.7 Dodging
 + Level 10.4 Shields


You had 8 spell levels left.
You didn't know any spells.

Dungeon Overview and Level Annotations

Branches:
Dungeon (7/15)
 Temple: D:4-7

Altars:
Fedhas
Kikubaaqudgha
Makhleb
Nemelex Xobeh
Okawaru
Uskayaw
Yredelemnul
Zin

Shops:
D:7 *

Annotations:
D:6 exclusion: oklob plant


Innate Abilities, Weirdness & Mutations

((You reflexively headbutt those who attack you in melee.))
((You have a pair of horns on your head.))


Message History

The bolt of electricity hits you!
* * * LOW HITPOINT WARNING * * *
You block the killer bee's attack.
It was a potion of lignification.
You turn into a tree.
Your scarf of repulsion melds into your body.
The +5 scale mail of Tender Moments {rC+ Int+2} melds into your body.
The haze of the repulsion field disappears.
Your roots penetrate the ground.
* * * LOW HITPOINT WARNING * * *
You feel very sick. You block the killer bee's attack.
The killer bee stings you but does no damage.
You block the killer bee's attack.
The killer bee stings you but does no damage.
You block the killer bee's attack.
The killer bee stings you but does no damage.
You block the killer bee's attack.
The electric eel shoots out a bolt of lightning at you!
The bolt of electricity hits you!
You die...

######+## #........
####+## #......=.
.##...# #........
......##########........
......#.................
......#..).....y♣y......
......#........yy;≈.....
'####'#.........≈#≈≈≈≈..
................≈≈≈≈#≈≈≈
.......#######.≈≈≈#≈≈≈≈#
.......# ..≈#≈≈≈≈#≈≈
.......# ...≈≈≈≈#≈≈≈≈
.......# ...≈≈≈#≈≈≈≈#
.......# ...≈#≈≈≈≈#≈


You could see 4 killer bees and an electric eel.

Vanquished Creatures
  Sigmund (D:2)
  A human (D:7)
  3 hogs (D:7)
  A yak (D:7)
  An orc warrior (D:7)
  2 ice beasts
  2 black bears (D:6)
  An ogre (D:7)
  A centaur (D:7)
  5 wights (D:6)
  2 vampire bats (D:3)
  A lava snake (D:7)
  A centaur zombie (D:6)
  8 jellies (D:6)
  A centaur skeleton (D:6)
  3 hounds
  An orc priest (D:5)
  An orc wizard (D:5)
  5 worker ants
  A hound zombie (D:6)
  A worker ant zombie (D:6)
  3 gnolls (D:2)
  13 adders
  3 shadow imps
  10 oozes
  A worm (D:3)
  2 dart slugs
  7 leopard geckos
  23 orcs
  5 bats
  3 bat skeletons (D:3)
  2 bat zombies (D:3)
  6 giant cockroaches
  11 goblins
  8 hobgoblins
  4 jackals (D:7)
  5 kobolds
  3 quokkas
  2 ball pythons (D:2)
  A frilled lizard (D:5)
  A leopard gecko skeleton (D:6)
  A quokka skeleton (D:7)
  2 rats
159 creatures vanquished.

Vanquished Creatures (others)
  7 fungi (D:6)
7 creatures vanquished.

Grand Total: 166 creatures vanquished

Notes
Turn   | Place    | Note
-------+----------+-------------------------------------------
     0 | D:1      | MondaySad the Minotaur Berserker began the quest for the Orb.
     0 | D:1      | Reached XP level 1. HP: 19/19 MP: 0/0
   373 | D:1      | Reached XP level 2. HP: 15/27 MP: 1/1
  1255 | D:1      | Found a sparkling altar of Nemelex Xobeh.
  1365 | D:2      | Reached XP level 3. HP: 30/33 MP: 2/2
  1379 | D:2      | Found a sparkling altar of Nemelex Xobeh.
  1451 | D:2      | Found a glowing silver altar of Zin.
  1475 | D:2      | Reached ** piety under Trog
  1606 | D:2      | Reached skill level 4 in Axes
  1606 | D:2      | Reached skill level 1 in Shields
  1834 | D:2      | Found an iron altar of Okawaru.
  1881 | D:2      | Reached XP level 4. HP: 31/40 MP: 3/3
  2417 | D:2      | Found a hide-covered altar of Uskayaw.
  2457 | D:2      | Reached skill level 5 in Axes
  2642 | D:2      | Noticed Sigmund
  2652 | D:2      | Killed Sigmund
  2652 | D:2      | Reached XP level 5. HP: 38/46 MP: 4/4
  2652 | D:2      | Reached XP level 6. HP: 43/52 MP: 5/5
  2891 | D:3      | Reached skill level 6 in Axes
  2895 | D:3      | Found a blossoming altar of Fedhas.
  3087 | D:3      | Found a burning altar of Makhleb.
  3865 | D:3      | Found an ancient bone altar of Kikubaaqudgha.
  3871 | D:3      | Reached *** piety under Trog
  3878 | D:3      | Reached skill level 5 in Shields
  4167 | D:4      | You fall through a shaft!
  4167 | D:5      | Entered Level 5 of the Dungeon
  4228 | D:5      | Reached skill level 7 in Axes
  4228 | D:5      | Reached XP level 7. HP: 59/59 MP: 6/6
  4306 | D:5      | Got a spiked scale mail
  4317 | D:5      | Identified the +5 scale mail of Tender Moments {rC+ Int+2} (You found it on level 5 of the Dungeon)
  4974 | D:6      | Reached skill level 8 in Axes
  5021 | D:6      | Reached XP level 8. HP: 12/66 MP: 7/7
  5362 | D:6      | Reached skill level 9 in Axes
  5603 | D:6      | Noticed an oklob plant
  5631 | D:6      | Reached **** piety under Trog
  5891 | D:6      | Found a basalt altar of Yredelemnul.
  6211 | D:7      | Reached skill level 10 in Axes
  6225 | D:7      | Got an ichor-stained hand axe
  6226 | D:7      | Identified the cursed +0 hand axe of Valiance {flame, Int+4 Dex-3} (You found it on level 7 of the Dungeon)
  6294 | D:7      | Reached XP level 9. HP: 71/71 MP: 8/8
  6301 | D:7      | Reached skill level 10 in Shields
  6388 | D:7      | Reached skill level 11 in Axes
  6425 | D:7      | Found Ruteitt's Retail Resort.
  6807 | D:7      | HP: 2/71 [electric eel/bolt of electricity (10)]
  6808 | D:7      | Killed from afar by an electric eel

Skill      XL: |  1  2  3  4  5  6  7  8  9 |
---------------+----------------------------+-----
Fighting       | 4 |  4.2
Axes           | 4 5 7 8 10 11 | 11.2
Shields        | 1 4 5 7 9 10 | 10.4
Armour         | |  2.8
Dodging        | |  2.7

Action                   |  1- 3 |  4- 6 |  7- 9 || total
-------------------------+-------+-------+-------++-------
Melee: Hand axe          |    87 |   166 |   295 ||   548
       Headbutt          |    12 |    28 |    65 ||   105
Invok: Berserk           |     1 |     1 |     4 ||     6
       Trog's Hand       |       |     1 |     1 ||     2
  Use: Potion            |     1 |       |     1 ||     2
 Stab: Distracted        |       |       |     1 ||     1
  Eat: Chunk             |     2 |    11 |     8 ||    21
       Bread ration      |       |       |     1 ||     1
Armor: Animal skin       |    11 |    13 |       ||    24
       Scale mail        |       |     6 |    78 ||    84
       Skin              |       |       |     3 ||     3
Dodge: Dodged            |    35 |    40 |    54 ||   129
       Deflected         |     1 |       |     1 ||     2
Block: Large shield      |    38 |   121 |   234 ||   393
